 Dungeon Crawl Stone Soup version bcrawl-1.27.6 (webtiles) character file.

Game seed: 10453720492804645657

114233 DogServant the Magician (level 4, -1/24 HPs)
             Began as an Avariel Ice Elementalist on Oct 8, 2020.
             Was an Initiate of Sif Muna.
             Slain by a gnoll
             ... wielding a +0 spear
              (3 damage)
             ... on level 3 of the Dungeon.
             The game lasted 00:02:39 (2284 turns).

DogServant the Magician (Avariel Ice Elementalist)  Turns: 2284, Time: 00:02:39

Health: -1/24      AC:  2    Str:  6    XL:     4   Next: 51%
Magic:  8/12       EV: 13    Int: 22    God:    Sif Muna [......]
Gold:   200        SH:  0    Dex: 13    Spells: 8/11 levels left

rFire    . . .     SeeInvis .   l - +1 falchion (holy)
rCold    + . .     Gourm    .   (no shield)
rNeg     . . .     Faith    .   a - +0 robe
rPois    .         Spirit   .   (no helmet)
rElec    +         Reflect  .   (no cloak)
rCorr    .         Harm     .   (no gloves)
MR       .....                  (no boots)
Stlth    ++........             (no amulet)
HPRegen  0.08/turn              b - ring of protection from cold
MPRegen  0.13/turn              j - ring of insulation

@: no status effects
A: no striking features
a: Divine Energy, Renounce Religion


You were on level 3 of the Dungeon.
You worshipped Sif Muna.
Sif Muna was noncommittal.
You were not hungry.

You visited 1 branch of the dungeon, and saw 3 of its levels.

You collected 200 gold pieces.

Inventory:

Hand Weapons
 l - a +1 falchion of holy wrath (weapon)
Armour
 a - a +0 robe (worn)
 f - a +0 leather armour
 s - a +0 buckler
Jewellery
 b - a ring of protection from cold (left hand)
 j - a ring of insulation (right hand)
 m - an uncursed ring of stealth
 r - an uncursed ring of wizardry {unknown}
Wands
 c - a wand of iceblast (1)
Scrolls
 h - 4 scrolls of identify
 i - a scroll of blinking {unknown}
 n - a scroll of teleportation {unknown}
 o - 2 scrolls of remove curse {unknown}
 p - 2 scrolls of fog {unknown}
 v - a scroll of enchant armour {unknown}
Potions
 d - a potion of invisibility {unknown}
 g - 2 potions of agility {unknown}
 k - a potion of flight {unknown}
 q - a potion of brilliance {unknown}
 t - 2 potions of degeneration {unknown}
 u - a potion of haste {unknown}
Comestibles
 e - 3 rations {!d}
 w - 2 chunks of flesh


   Skills:
 + Level 1.0 Long Blades
 + Level 2.6 Dodging
 - Level 2.1 Stealth
 + Level 4.0 Spellcasting
 - Level 1.3 Conjurations
 + Level 3.8 Ice Magic
 + Level 1.1 Invocations


You had 8 spell levels left.
You knew the following spells:

 Your Spells              Type           Power        Failure   Level  Hunger
a - Freeze                Ice            ###...       2%          1    None
b - Throw Frost           Conj/Ice       ###...       2%          2    None

Your spell library contained the following spells:

 Spells                   Type           Power        Failure   Level  Hunger
 Ozocubu's Armour         Chrm/Ice       ##......     16%         3    ###....
 Throw Icicle             Conj/Ice       ###.....     36%         4    #####..
 Ice Form                 Ice/Tmut       ##......     45%         4    #####..
 Summon Ice Beast         Ice/Summ       ##......     45%         4    #####..


Dungeon Overview and Level Annotations

Branches:
Dungeon (3/12)

Altars:
Nemelex Xobeh
Sif Muna
Xom


Message History

A gnoll comes into view. It is wielding a +0 dagger.
You see here a +0 club.
The gnoll shouts!
You hear a shout!
Casting: Freeze (safe; 2% risk of failure)
Confirm with . or Enter, or press ? or * to list all spells.
Aiming: Throw Frost (safe; 2% risk of failure)
Press: ? - help, Shift-Dir - straight line, f - gnoll
Aim: a gnoll, wielding a +0 spear The puff of frost hits the gnoll.
The gnoll is lightly wounded.
The gnoll hits you from afar with a +0 spear.
* * * LOW HITPOINT WARNING * * *
Casting: Throw Frost (safe; 2% risk of failure)
Confirm with . or Enter, or press ? or * to list all spells.
Aiming: Throw Frost (safe; 2% risk of failure)
Press: ? - help, Shift-Dir - straight line, f/p - gnoll
Aim: a gnoll, wielding a +0 spear (lightly wounded)
The puff of frost misses the gnoll.
The gnoll hits you from afar with a +0 spear.
You die...

.# .# .# . ###. ## ####.
.... #.... ..# .###
#.#.# #g# ## #.#.###@#
.## #....##)# ..##
##.#..##g# ...##
##..##.##.# #
....####...##.##.#.###..
....'....†..............
....####)..##.######.#..
...######.###.###
.......###......#


You could see 2 gnolls.

Vanquished Creatures
  A worker ant (D:3)
  2 dart slugs
  4 worms (D:2)
  2 leopard geckos
  4 orcs (D:3)
  2 ball pythons
  A giant cockroach (D:1)
  3 goblins
  5 hobgoblins
  4 jackals (D:2)
  6 kobolds
  2 bats (D:2)
  3 frilled lizards
  3 rats
42 creatures vanquished.

Notes
Turn   | Place    | Note
-------+----------+-------------------------------------------
     0 | D:1      | DogServant the Avariel Ice Elementalist began the quest for
                  | the Orb.
     0 | D:1      | Reached XP level 1. HP: 10/10 MP: 6/6
   207 | D:1      | Reached skill level 3 in Spellcasting
   410 | D:1      | Reached XP level 2. HP: 12/15 MP: 4/8
   806 | D:2      | Found a shimmering altar of Xom.
  1043 | D:2      | Reached XP level 3. HP: 19/19 MP: 6/10
  1125 | D:2      | Found a shimmering blue altar of Sif Muna.
  1155 | D:2      | Became a worshipper of Sif Muna the Loreminder
  1259 | D:2      | Learned a level 2 spell: Throw Frost
  1646 | D:2      | Found a sparkling altar of Nemelex Xobeh.
  2084 | D:3      | Reached XP level 4. HP: 20/24 MP: 5/11
  2161 | D:3      | Reached skill level 1 in Invocations
  2241 | D:3      | Reached skill level 4 in Spellcasting
  2244 | D:3      | Reached skill level 1 in Long Blades
  2284 | D:3      | Slain by a gnoll

Skill      XL: |  1  2  3  4 |
---------------+-------------+-----
Spellcasting   | 3 4 |  4.0
Invocations    | 1 |  1.1
Long Blades    | 1 |  1.0
Dodging        | |  2.6
Stealth        | |  2.1
Conjurations   | |  1.3
Ice Magic      | |  3.8

Action                   |  1- 3 |  4- 6 || total
-------------------------+-------+-------++-------
Melee: Unarmed           |     3 |       ||     3
       Falchion          |    34 |     1 ||    35
 Cast: Freeze            |    43 |    13 ||    56
       Throw Frost       |     2 |     2 ||     4
 Stab: Sleeping          |     1 |       ||     1
  Eat: Chunk             |     5 |     1 ||     6
Armor: Robe              |    10 |     1 ||    11
Dodge: Dodged            |    47 |     2 ||    49
